 Dungeon Crawl Stone Soup version 0.29.1-14-g9c671dbff4 (webtiles) character file.

Game seed: 13212270644804176564

137 hawla the Firebug (level 5, -8/39 HPs)
             Began as a Meteoran Fire Elementalist on Feb 18, 2023.
             Mangled by an ogre
             ... wielding a +0 giant club
              (30 damage)
             ... on level 4 of the Dungeon.
             The game lasted 00:04:22 (804 turns).

hawla the Firebug (Meteoran Fire Elementalist)       Turns: 804, Time: 00:04:23

Health: -8/39      AC:  7    Str:  6    XL:     5   Next: 73%
Magic:  6/11       EV: 13    Int: 22    God:
Gold:   187        SH:  0    Dex: 18    Spells: 4/11 levels left

rFire   + . .      SeeInvis .   g - +10 long sword of Kyniq {vamp, rF+ Will+ Dex+3}
rCold   . . .      Faith    .   (no shield)
rNeg    + + .      Spirit   .   a - +0 robe
rPois   .          Reflect  .   i - +1 hat "Tobum" {rN++ Str-3 Int+4}
rElec   .          Harm     .   m - +0 cloak
rCorr   .          Rampage  .   (no gloves)
Will    +....                   l - +2 pair of boots
Stlth   +.........              (no amulet)
HPRegen 0.13/turn               (no ring)
MPRegen 0.12/turn               (no ring)

@: glowing
A: sense surroundings 1, otherworldly, glowing, explore regen
a: no special abilities


You were on level 4 of the Dungeon.
You visited 1 branch of the dungeon, and saw 4 of its levels.

You collected 187 gold pieces.

Inventory:

Hand Weapons
 g - the +10 long sword of Kyniq (weapon) {vamp, rF+ Will+ Dex+3}
   (You found it on level 2 of the Dungeon)

   It occasionally heals its wielder for a portion of the damage dealt when it
   wounds a living foe.
   Dex:       It affects your dexterity (+3).
   rF:        It protects you from fire.
   Will:      It increases your willpower.
Armour
 a - a +0 robe (worn)
 i - the +1 hat "Tobum" (worn) {rN++ Str-3 Int+4}
   (You found it on level 2 of the Dungeon)

   Str:       It affects your strength (-3).
   Int:       It affects your intelligence (+4).
   rN:        It greatly protects you from negative energy.
 l - a +2 pair of boots (worn)
 m - a +0 cloak (worn)
Jewellery
 f - a ring of ice
 j - a ring of see invisible
Scrolls
 d - a scroll of summoning
 k - a scroll of enchant weapon {unknown}
 n - a scroll of vulnerability {unknown}
Potions
 b - a potion of magic
 c - a potion of degeneration {unknown}
 e - a potion of haste {unknown}
 h - 2 potions of resistance {unknown}


   Skills:
 - Level 0.3 Fighting
 - Level 1.0 Long Blades
 - Level 2.9 Dodging
 - Level 1.4 Stealth
 - Level 3.9 Spellcasting
 + Level 2.6 Conjurations
 - Level 5.2 Fire Magic


You had 4 spell levels left.
You knew the following spells:

 Your Spells              Type           Power      Damage    Failure   Level
a - Foxfire               Conj/Fire      84%        2x1d8     2%          1
b - Scorch                Fire           54%        2d7       1%          2
c - Flame Wave            Conj/Fire      21%        2d8       22%         4

Your spell library contained the following spells:

 Spells                   Type           Power      Damage    Failure   Level
 Magic Dart               Conj           60%        1d6       4%          1
 Searing Ray              Conj           30%        2d5       6%          2
 Conjure Flame            Conj/Fire      21%        6-21      7%          3
 Inner Flame              Hex/Fire       15%        N/A       12%         3
 Blink                    Tloc           8%         N/A       17%         2
 Sublimation of Blood     Necr           4%         N/A       17%         2
 Wereblood                Tmut           4%         N/A       17%         2
 Call Canine Familiar     Summ           4%         N/A       34%         3
 Lesser Beckoning         Tloc           4%         N/A       34%         3
 Portal Projectile        Hex/Tloc       8%         N/A       34%         3
 Fulminant Prism          Conj/Hex       5%         3d7       54%         4
 Leda's Liquefaction      Hex/Erth       2%         N/A       75%         4
 Manifold Assault         Tloc           4%         N/A       97%         5
 Summon Hydra             Summ           2%         N/A       100%        7


Dungeon Overview and Level Annotations

Branches:
Dungeon (4/15) Zot: 1589   Temple (0/1) D:4

Altars:

Shops:
D:3 [


Innate Abilities, Weirdness & Mutations

You passively map a small area around you.
You are easily found by Zot.
You glow in the dark.
You regain HP and MP as you explore.


Message History

You see here 5 stones.
A gnoll and an iguana come into view.
Found an orange potion.
There are monsters nearby!
A giant cockroach, a goblin and 2 ogres come into view.
Found a manual of Translocations.
The ogre shouts!
The gnoll shouts!
The goblin shouts!
Found a sling.
The iguana bites you.
You slash the ogre!
The ogre is heavily wounded.
The giant cockroach closely misses you. The iguana bites you!
The ogre barely misses you.
The giant cockroach bites you but does no damage.
Unknown command.
Casting: Flame Wave (quite dangerous; 22% risk of failure)
Confirm with . or Enter, or press ? or * to list all spells.
The spell is quite dangerous to miscast (22% risk of failure)!
Continue anyway?
Casting: Flame Wave (quite dangerous; 22% risk of failure)
Press: ? - help, Dir - look around, f - activate A wave of flame ripples out!
The flame wave engulfs the iguana!
The iguana is heavily wounded.
The flame wave engulfs the giant cockroach!
You kill the giant cockroach!
The flame wave engulfs the ogre!
The ogre is severely wounded. (Press . to intensify the flame waves.)
The iguana misses you. The ogre misses you.
A wave of flame ripples out!
The flame wave engulfs the iguana!
You kill the iguana!
The flame wave engulfs the ogre!
The ogre is moderately wounded.
The flame wave engulfs the ogre.
The ogre is almost dead.
The flame wave engulfs the gnoll.
The gnoll is moderately wounded.
The flame wave engulfs the goblin!
You kill the goblin!
The ogre hits you with a +0 giant club!!
Ouch! That really hurt!
You die...

.##.# .*..
##.#.#*
#....##
#.#...# *
#.#.#.### *
#.......#
##..#..#..#
#..#@†g.#
##.##OO.!.# ,
*
#..#.).....#,
#.##)..#.....
#
##.##.........
.
#.(###:.....#.
.##
##..####...
#.. ..#
#....## ####
.# #.#
#.....### ,


You could see 2 ogres and a gnoll.

Vanquished Creatures
  2 iguanas
  4 adders (D:2)
  A shadow imp (D:3)
  A worm (D:2)
  5 orcs
  4 endoplasms
  15 giant cockroaches
  3 goblins
  3 hobgoblins
  2 quokkas
  3 ball pythons
  3 bats (D:2)
  3 frilled lizards
  4 kobolds
  2 rats (D:2)
55 creatures vanquished.

Vanquished Creatures (collateral kills)
  2 orcs (D:3)
2 creatures vanquished.

Vanquished Creatures (others)
  78 foxfires
  2 withered plants (D:3)
80 creatures vanquished.

Grand Total: 137 creatures vanquished

Notes
Turn   | Place    | Note
-------+----------+-------------------------------------------
     0 | D:1      | hawla the Meteoran Fire Elementalist began the quest for
                  | the Orb.
     0 | D:1      | Reached XP level 1. HP: 14/14 MP: 5/5
    52 | D:1      | Reached XP level 2. HP: 15/20 MP: 2/6
    57 | D:1      | Reached skill level 4 in Fire Magic
   113 | D:2      | Reached XP level 3. HP: 22/26 MP: 4/8
   116 | D:2      | Learned a level 2 spell: Scorch
   131 | D:2      | Identified the +10 long sword of Kyniq {vamp, rF+ Will+
                  | Dex+3}
   285 | D:2      | Reached XP level 4. HP: 33/33 MP: 4/9
   318 | D:2      | Identified the +1 hat "Tobum" {rN++ Str-3 Int+4}
   338 | D:2      | Reached skill level 5 in Fire Magic
   548 | D:3      | Reached XP level 5. HP: 24/38 MP: 2/11
   574 | D:3      | Found a faded altar of an unknown god.
   631 | D:3      | Found Xoemmet's Armour Emporium.
   673 | D:3      | Reached skill level 1 in Long Blades
   714 | D:4      | Learned a level 4 spell: Flame Wave
   800 | D:4      | Noticed an ogre
   800 | D:4      | Noticed an ogre
   804 | D:4      | Mangled by an ogre

Illustrated notes

Levels and vault maps discovered:
D:1:      eino_arrival_druids_welcome, layout_rooms
D:2:      minmay_roachtagon, layout_rooms, kennysheep_path_1, minmay_tromino_i2
D:3:      layout_rooms, nzn_wu_jian_contemplation,
          ebering_ecumenical_altar_petrified, serial_shops,
          nicolae_shop_window_shopping, shop, nicolae_shop_trees,
          uniq_crazy_yiuf_cottage
D:4:      layout_rooms, fedhas_altar_decomposition,
          minmay_temple_entry_enclosed_plants, minmay_misc_feat_roman,
          minmay_manual_moon

Skill      XL: |  1  2  3  4  5 |
---------------+----------------+-----
Fire Magic     | 4 5 |  5.2
Spellcasting   | 3 |  3.9
Conjurations   | 2 |  2.6
Long Blades    | 1 |  1.0
Fighting       | |  0.3
Dodging        | |  2.9
Stealth        | |  1.4

Action                   |  1- 3 |  4- 6 || total
-------------------------+-------+-------++-------
Melee: Unarmed           |     3 |       ||     3
       Long sword        |     1 |    17 ||    18
 Cast: Foxfire           |    24 |    21 ||    45
       Scorch            |     4 |     7 ||    11
       Flame Wave        |       |     2 ||     2
  Use: Scroll            |       |     1 ||     1
Armor: Robe              |     1 |     9 ||    10
Dodge: Dodged            |     7 |    24 ||    31
